 Dungeon Crawl Stone Soup version 0.31-a0-750-gfe7b580527 (webtiles) character file.

Game seed: 2759477496714070016

294 GigaChad the Shield-Bearer (level 6, -2/48 HPs)
             Began as a Formicid Fighter on Sept 14, 2023.
             Blown up by a centaur (11 damage)
             ... with a mindburst bolt
             ... on level 7 of the Dungeon.
             The game lasted 00:02:25 (3164 turns).

GigaChad the Shield-Bearer (Formicid Fighter)       Turns: 3164, Time: 00:02:26

Health: -2/48      AC:  7    Str: 22    XL:     6   Next: 60%
Magic:  6/6        EV:  9    Int:  8    God:
Gold:   227        SH:  5    Dex: 13    Spells: 5/5 levels left

rFire   . . .        a - +2 war axe
rCold   . . .        c - +0 buckler
rNeg    . . .        b - +0 scale mail
rPois   .            (helmet unavailable)
rElec   .            (no cloak)
rCorr   .            (no gloves)
SInv    +            (no boots)
Will    .....        (no amulet) Stlth
                     (no ring)
HPRegen 0.28/turn    (no ring)
MPRegen 0.10/turn

%: no passive effects
@: no status effects
A: permanent stasis, dig shafts and tunnels, antennae 3, four strong arms
a: Dig, Shaft Self


You were on level 7 of the Dungeon.
You visited 1 branch of the dungeon, and saw 5 of its levels.

You collected 227 gold pieces.

Inventory:

Hand Weapons
 a - a +2 war axe (weapon)
Missiles
 n - a throwing net
Armour
 b - a +0 scale mail (worn)
 c - a +0 buckler (worn)
Jewellery
 g - a ring of poison resistance
Scrolls
 f - a scroll of amnesia
 j - 2 scrolls of identify
 m - a scroll of fear
 o - 2 scrolls of enchant armour {unknown}
Potions
 d - 2 potions of might
 h - 3 potions of curing {unknown}
 i - 3 potions of haste {unknown}
 k - a potion of enlightenment {unknown}
 l - a potion of resistance {unknown}
 p - a potion of attraction {unknown}


   Skills:
 * Level 4.3 Fighting
 * Level 4.6 Axes
 * Level 4.6 Armour
 * Level 5.0 Shields


You had 5 spell levels left.
You didn't know any spells.
Your spell library contained the following spells:

 Spells                   Type           Power      Damage    Failure   Level
 Magic Dart               Conj           0%         1d3       78%         1
 Call Imp                 Summ           0%         N/A       89%         2
 Mephitic Cloud           Conj/Pois/Air  0%         N/A       98%         3


Dungeon Overview and Level Annotations

Branches:
Dungeon (4/15)
 Temple: D:4-7

Altars:
Kikubaaqudgha


Innate Abilities, Weirdness & Mutations

You cannot be hasted, slowed, berserked, paralysed or teleported.
You can dig through walls and to a lower floor.
You have a pair of large antennae on your head. (SInv)
Your four strong arms can wield two-handed weapons with a shield.


Message History

* * * LOW HITPOINT WARNING * * *
You slash the iguana!
You kill the iguana!
You see here an iguana corpse.
Found a stone staircase leading down.
You start resting.
You start resting.
HP restored.
You start waiting.
A centaur comes into view.
It is wielding a +0 war axe and carrying a wand of mindburst.
A centaur is nearby!
A white imp comes into view.
The white imp shouts!
You hear a shout!
The centaur unwields a +0 war axe.
The centaur wields a +0 orcbow.
The centaur shoots an arrow.
The arrow hits you.
You see here a scroll labelled UFACSI ZEUF.
The centaur shoots an arrow.
The arrow hits you but does no damage.
The centaur shoots an arrow.
The arrow hits you! The white imp spits at you. The white imp gestures at you.
The puff of frost hits you.
The centaur shoots an arrow.
The arrow hits you! The white imp gestures at you.
The puff of frost misses you.
The centaur shoots an arrow.
You block the arrow.
The centaur shoots an arrow.
The arrow hits you.
* * * LOW HITPOINT WARNING * * *
The centaur shoots an arrow.
The arrow barely misses you.
The centaur shoots an arrow.
The arrow hits you.
* * * LOW HITPOINT WARNING * * *
The centaur unwields a +0 orcbow.
The centaur wields a +0 war axe.
The centaur hits you with a +0 war axe.
* * * LOW HITPOINT WARNING * * *
The centaur kicks you.
* * * LOW HITPOINT WARNING * * *
You see here an iguana skeleton.
You hit the centaur.
The centaur is moderately wounded.
The centaur zaps a wand.
You struggle to resist.
The centaur zaps a wand.
Your mind is blasted!
You die...

#.# .. ###.# ...
...>#.# #.# .#.#.#
#.# ..#.# #
#.######.#.#
#.##..........#
.#.#.............#
..........c@.....#
##.#####..####..?#
#..# #...# #..#
#{..# #..# .....#
#..#...5..#
#.......###
#........ ....###


You could see a centaur.

Vanquished Creatures
  An ogre (D:4)
  An orc priest (D:3)
  2 iguanas
  An orc wizard (D:3)
  3 adders
  3 worms (D:2)
  4 orcs (D:3)
  3 ball pythons
  3 endoplasms
  4 giant cockroaches
  11 goblins
  5 hobgoblins
  11 jackals
  7 kobolds
  2 quokkas
  A bat (D:2)
  4 frilled lizards (D:2)
  3 rats
  A spectral goblin (D:2)
70 creatures vanquished.

Notes
Turn   | Place    | Note
-------+----------+-------------------------------------------
     0 | D:1      | GigaChad the Formicid Fighter began the quest for the Orb.
     0 | D:1      | Reached XP level 1. HP: 18/18 MP: 1/1
   230 | D:1      | Reached XP level 2. HP: 21/24 MP: 2/2
   297 | D:1      | Reached XP level 3. HP: 30/30 MP: 3/3
   785 | D:1      | Found an ancient bone altar of Kikubaaqudgha.
  1116 | D:2      | Reached XP level 4. HP: 21/37 MP: 4/4
  1229 | D:2      | Found a faded altar of an unknown god.
  2039 | D:3      | Reached XP level 5. HP: 42/42 MP: 5/5
  2749 | D:4      | Reached XP level 6. HP: 34/48 MP: 6/6
  2931 | D:4      | Noticed an ogre
  2937 | D:4      | Killed an ogre
  2938 | D:4      | Reached skill level 5 in Shields
  2944 | D:4      | You fall into a shaft and drop 3 floors!
  2961 | D:7      | HP: 2/48 [iguana (12)]
  3164 | D:7      | Blown up by a centaur

Illustrated notes

Levels and vault maps discovered:
D:1:      dpeg_arrival_water_altar, layout_loops_ring, minmay_tromino_v2
D:2:      layout_basic, dreamdust_ecumenical_altar_drowned_temple
D:3:      layout_basic, hangedman_decor_push, nicolae_eternal_life
D:4:      black_bear_nest_2, layout_rooms, mainiacjoe_overflow_catwalk
D:7:      layout_basic

Skill      XL: |  1  2  3  4  5  6 |
---------------+-------------------+-----
Axes           | 3 4 |  4.6
Fighting       | 4 |  4.3
Armour         | 4 |  4.6
Shields        | 5 |  5.0

Action                     |  1- 3 |  4- 6 || total
---------------------------+-------+-------++-------
  Melee: War axe           |    92 |   102 ||   194
Ability: Shaft Self        |       |     1 ||     1
    Use: Scroll            |       |     7 ||     7
 Armour: Scale mail        |    62 |    91 ||   153
  Dodge: Dodged            |    50 |    48 ||    98
  Block: Buckler           |    24 |    22 ||    46

Table legend: (Time is in decaauts)
 A = Elapsed time spent in this place.
 B = Non-inter-level travel time spent in this place.
 C = Inter-level travel time spent in this place.
 D = Time resting spent in this place.
 E = Time spent auto-exploring this place.
 F = Levels seen in this place.
 G = Mean time per level.
                   A        B        C        D        E       F      G
               +--------+--------+--------+--------+--------+-----+--------+
         Total |   3241 |   3091 |    150 |    196 |   2397 |   5 |  648.2 |
       Dungeon |   3241 |   3091 |    150 |    196 |   2397 |   5 |  648.2 |
               +--------+--------+--------+--------+--------+-----+--------+

Top non-repeatable levels by time:
     D:2: 966 daAuts
     D:3: 939 daAuts
     D:1: 882 daAuts
     D:4: 231 daAuts
     D:7: 221 daAuts
